 Dungeon Crawl Stone Soup version 0.32-a0-675-gdc239d62e1 (console) character file.

Game seed: 2855882944329964871

7 MakMorn the Chopper (level 1, 0/19 HPs)
             Began as a Mountain Dwarf Berserker on Mar 11, 2024.
             Was a Follower of Trog.
             Slain by a ball python (2 damage)
             ... on level 1 of the Dungeon.
             The game lasted 00:00:27 (109 turns).

MakMorn the Chopper (Mountain Dwarf Berserker)       Turns: 109, Time: 00:00:27

Health: 0/19       AC:  2    Str: 19    XL:     1   Next: 83%
Magic:  1/1        EV: 11    Int:  7    God:    Trog [*.....]
Gold:   12         SH:  0    Dex:  9    Spells: 0/0 levels left

rFire   . . .        a - +0 hand axe
rCold   . . .        (no shield)
rNeg    . . .        b - +0 animal skin
rPois   .            (no helmet)
rElec   .            (no cloak)
rCorr   .            (no gloves)
SInv    .            (no boots)
Will    .....        (no amulet)
Stlth   +            (no ring)
HPRegen 0.23/turn    (no ring)
MPRegen 0.07/turn

%: no passive effects
@: no status effects
A: runic magic, artefact enchanting
a: Renounce Religion, Berserk


You were on level 1 of the Dungeon.
You worshipped Trog.
Trog was aware of your devotion.
You visited 1 branch of the dungeon, and saw 1 of its levels.

You collected 12 gold pieces.

Inventory:

Hand Weapons
 a - a +0 hand axe (weapon)
Armour
 b - a +0 animal skin (worn)


   Skills:
 + Level 3.4 Fighting
 * Level 4.0 Axes
 + Level 2.2 Armour
 + Level 1.4 Dodging


You couldn't memorise any spells.
You didn't know any spells.
Your spell library was empty.

Dungeon Overview and Level Annotations

Branches:
Dungeon (1/15)

Altars:


Innate Abilities, Weirdness & Mutations

Your spellcasting is much less encumbered by armour.
You can use scrolls of enchantment on lesser artefacts.


Message History

You hit the giant cockroach but do no damage.
The giant cockroach is heavily wounded.
You barely miss the quokka. The quokka closely misses you.
The giant cockroach bites you but does no damage.
You hit the giant cockroach.
You kill the giant cockroach!
Trog accepts your kill.
You closely miss the kobold. You hit the quokka but do no damage.
The quokka bites you. The quokka barely misses you. The kobold misses you.
Your Axes skill increases to level 4!
You hit the quokka.
The quokka is moderately wounded.
You barely miss the kobold. The quokka misses you.
The kobold hits you but does no damage. The ball python misses you.
The ball python grabs you. The ball python constricts you.
You closely miss the ball python. You closely miss the quokka.
You closely miss the kobold. The quokka bites you. The ball python bites you.
The ball python constricts you.
The kobold hits you with a +0 short sword.
* * * LOW HITPOINT WARNING * * *
You are too injured to fight recklessly!
You are too injured to fight recklessly!
You are too injured to fight recklessly!
You are too injured to fight recklessly!
You escape the ball python's grasp.
The quokka attacks as it pursues you! The quokka barely misses you. x2
You hit the quokka but do no damage.
The quokka is moderately wounded.
The quokka barely misses you.
You barely miss the quokka.
The quokka is moderately wounded.
You barely miss the ball python. The quokka barely misses you.
The ball python bites you but does no damage.
The ball python barely misses you.
You closely miss the quokka.
The quokka is moderately wounded.
You hit the ball python. The quokka bites you.
* * * LOW HITPOINT WARNING * * *
The ball python bites you.
You die...

.#####. ## ... ........
..# #(#.# .####...
#...?..... )#
##.#.#.#.### .#
#..........# .#
##.#.#.#.#.# ....
#..........# ≈###
#S#r#.#.### ≈#.# .##
#@##.....# ≈#.###..##
#.....# ≈#.......##
####..# ≈#.###....##
##.....#
≈#.#.......####...#.##
≈###.......+........#
...........####...#.....#
.##.......######.########
####..........##.#


You could see a quokka and a ball python.

Vanquished Creatures
  2 endoplasms (D:1)
  A giant cockroach (D:1)
  A hobgoblin (D:1)
  A quokka (D:1)
5 creatures vanquished.

Notes
Turn   | Place    | Note
-------+----------+-------------------------------------------
     0 | D:1      | MakMorn the Mountain Dwarf Berserker began the quest for
                  | the Orb.
     0 | D:1      | Reached XP level 1. HP: 19/19 MP: 1/1
   104 | D:1      | Reached skill level 4 in Axes
   109 | D:1      | Slain by a ball python

Illustrated notes

Levels and vault maps discovered:
D:1:      spicycebolla_arrival_ecumenical, layout_loops_corners, serial_shops,
          nicolae_shop_back_alley_shop, minivault_5, grunt_decor_cap,
          st_stairs_9, serial_bayou_pond_b

Skill      XL: |  1 |
---------------+----+-----
Axes           | 4 |  4.0
Fighting       | |  3.4
Armour         | |  2.2
Dodging        | |  1.4

Action                     || total
---------------------------++-------
  Melee: Hand axe          ||    21
 Armour: Animal skin       ||    22
  Dodge: Dodged            ||    15

Table legend: (Time is in decaauts)
 A = Elapsed time spent in this place.
 B = Non-inter-level travel time spent in this place.
 C = Inter-level travel time spent in this place.
 D = Time resting spent in this place.
 E = Time spent auto-exploring this place.
 F = Levels seen in this place.
 G = Mean time per level.
                   A        B        C        D        E       F      G
               +--------+--------+--------+--------+--------+-----+--------+
         Total |    111 |    111 |      0 |      0 |     71 |   1 |  111.0 |
       Dungeon |    111 |    111 |      0 |      0 |     71 |   1 |  111.0 |
               +--------+--------+--------+--------+--------+-----+--------+

Top non-repeatable levels by time:
     D:1: 111 daAuts
